 Dungeon Crawl Stone Soup version 0.19-a0-1875-g4fea3da (webtiles) character file.

2202 Lochraine the Covert (level 9, -6/105 HPs)
             Began as a Naga Transmuter on Oct 13, 2016.
             Was an Initiate of Gozag.
             Mangled by a meliai zombie (7 damage)
             ... on level 7 of the Dungeon.
             The game lasted 00:43:34 (7703 turns).

Lochraine the Covert (Naga Transmuter)              Turns: 7703, Time: 00:43:36

Health: -6/105     AC:  2    Str: 18    XL:     9   Next: 34%
Magic:  7/12       EV: 26    Int: 17    God:    Gozag
Gold:   1062       SH:  0    Dex: 18    Spells: 3 memorised, 6 levels left

rFire  + . .     SeeInvis +       - Unarmed
rCold  . . .     Gourm    .     (armour currently unavailable)
rNeg   . . .     Faith    .     (shield currently unavailable)
rPois  x         Spirit   .     (helmet currently unavailable)
rElec  .         Dismiss  .     (cloak currently unavailable)
rCorr  .         Reflect  .     (gloves currently unavailable)
MR     ++...     Harm     .     (no barding)
Stlth  ..........               (no amulet)
                                J - ring of protection from fire
                                j - +1 ring of evasion

@: berserking, spider-form (expiring), very quick
A: see invisible, clever 1, (deformed body), (fire resistance 0), magic
resistance 1, (poison resistance), (slowness 0), slow metabolism 1, spit poison
1, AC +3
a: Spit Poison, End Transformation, Potion Petition, Call Merchant, Bribe
Branch, Renounce Religion


You were on level 7 of the Dungeon.
You worshipped Gozag.
Gozag was most pleased with you.
You were near starving.
You were a venomous arachnid creature.
You visited 1 branch of the dungeon, and saw 7 of its levels.

You collected 1097 gold pieces.
You paid 35 gold pieces to Gozag.

Inventory:

Hand Weapons
 v - a +1 spear of freezing (melded)
 T - a +2 hunting sling of flaming
Missiles
 a - 89 arrows
 e - 212 stones (quivered)
 x - 4 javelins of returning
Armour
 b - a +0 robe
 m - a +0 leather armour (melded)
 y - a +0 scale mail
 H - a +0 naga barding (melded)
 P - a +0 pair of gloves (melded)
Jewellery
 j - a +1 ring of evasion (left front leg)
 F - an uncursed ring of resist corrosion
 J - a ring of protection from fire (right front leg)
 K - an uncursed ring of flight
 M - an uncursed ring of protection from fire
Wands
 g - a wand of random effects (25/48)
 L - a wand of iceblast (8/15)
 R - a wand of teleportation (0/9)
 S - a wand of lightning (4/15)
Scrolls
 i - 2 scrolls of noise {unknown}
 n - a scroll of enchant weapon {unknown}
 o - 4 scrolls of remove curse
 q - 4 scrolls of teleportation {unknown}
 u - a scroll of magic mapping {unknown}
 w - a scroll of amnesia {unknown}
 I - 2 scrolls of enchant armour {unknown}
 O - a scroll of blinking {unknown}
Potions
 h - 2 potions of mutation
 k - a potion of flight
 r - a potion of might
 s - 2 potions of agility
 z - a potion of magic
 A - a potion of degeneration
 N - a potion of lignification {unknown}
 Q - a potion of curing {unknown}
Books
 c - a book of Changes

   Spells                             Type                      Level
   a - Beastly Appendage              Transmutation                1
   b - Sticks to Snakes               Transmutation                2
   c - Spider Form                    Transmutation/Poison         3
   d - Ice Form                       Ice/Transmutation            4
   e - Blade Hands                    Transmutation                5
Comestibles
 d - 3 bread rations
 p - 3 fruits
 D - a slice of pizza


   Skills:
 - Level 1.0 Fighting
   Level 0.6 Short Blades
 - Level 0.8 Throwing
 - Level 6.1 Dodging
 - Level 8.1 Stealth
 + Level 5.5 Unarmed Combat
 - Level 2.0 Spellcasting
 - Level 6.2 Transmutations
 - Level 3.3 Poison Magic


You had 6 spell levels left.
You knew the following spells:

 Your Spells              Type           Power        Failure   Level  Hunger
a - Beastly Appendage     Tmut           ###...       6%          1    #......
b - Sticks to Snakes      Tmut           ###.....     10%         2    ###....
c - Spider Form           Tmut/Pois      ###.......   24%         3    ###....


Dungeon Overview and Level Annotations

Branches:
Dungeon (7/15)             Temple (0/1) D:4

Altars:
Ashenzari
Cheibriados
Dithmenos
Gozag
Hepliaklqana
Makhleb
Nemelex Xobeh
Qazlal
Ru
Yredelemnul
Zin


Innate Abilities, Weirdness & Mutations

You cannot wear boots.
((Your serpentine skin is tough. (AC +3)))
You have supernaturally acute eyesight. (SInv)
((Armour fits poorly on your strangely shaped body.))
((Your system is resistant to poisons. (rPois)))
((You cover ground very slowly.))
You have a slow metabolism.
You can spit poison.
Your mind is acute. (Int +2)
((Your flesh is heat resistant. (rF+)))
You are resistant to hostile enchantments. (MR+)


Message History

Okay, then.
As you read the scroll of identify, it crumbles to dust.
A - a potion of degeneration
As you read the scroll of identify, it crumbles to dust.
G - a potion of berserk rage The meliai zombie closely misses you.
The meliai zombie barely misses you.
A red film seems to cover your vision as you go berserk!
You feel yourself moving faster!
You feel mighty!
The meliai zombie completely misses you. x2
The shadow imp hits your ball python. The meliai zombie closely misses you.
The meliai zombie completely misses you.
You bite the meliai zombie!
The meliai zombie is lightly damaged.
The meliai zombie misses you. The meliai zombie hits you!
* * * LOW HITPOINT WARNING * * *
Your ball python bites the meliai zombie.
Your ball python barely misses the meliai zombie.
The meliai zombie hits you!
You die...
Your body crumbles into a pile of gold.

###..###..###..##
#..........#..$.#
#..........#....#
#..........#....#
#..........'....##############
#..........#..5...55..........
####'####.##..5##############.
#####...####.##.S.## ##.....
................sZ.# #..8...
...................# #.......
....<.............:# #..P....
'####...########'### #.......
[###########.##...## #......8
....#..............######!.8.5..∩
....#..............Z.........8..$
....#...Z).(..<....######..P.....
##'####.####.##...## ....8


You could see 2 shadow imps, a meliai zombie and a friendly ball python.

Vanquished Creatures
  Joseph (D:6)
  A centaur zombie (D:7)
  An ice beast (D:6)
  A sky beast (D:5)
  A necrophage (D:6)
  2 ogres
  A bullfrog (D:6)
  Dowan (D:7)
  2 scorpions
  A howler monkey (D:4)
  4 crimson imps
  2 hounds
  2 orc priests
  An iguana (D:6)
  3 worker ants
  A hound zombie (D:6)
  A hound skeleton (D:6)
  A worker ant zombie (D:5)
  17 adders
  2 shadow imps
  An adder zombie (D:5)
  3 worms
  6 leopard geckos
  17 orcs
  3 giant cockroaches
  12 goblins
  9 hobgoblins
  16 jackals
  4 quokkas
  7 bats
  3 frilled lizards
  A jackal skeleton (D:7)
  10 kobolds
  6 rats
144 creatures vanquished.

Vanquished Creatures (collateral kills)
  Duvessa (D:7)
  A sky beast (D:7)
  An ogre (D:6)
  An orc priest (D:6)
  An orc (D:6)
5 creatures vanquished.

Vanquished Creatures (others)
  4 withered plants (D:7)
4 creatures vanquished.

Grand Total: 153 creatures vanquished

Notes
Turn   | Place    | Note
-------+----------+-------------------------------------------
     0 | D:1      | Lochraine the Naga Transmuter began the quest for the Orb.
     0 | D:1      | Reached XP level 1. HP: 18/18 MP: 3/3
   363 | D:1      | Reached XP level 2. HP: 9/25 MP: 5/5
   613 | D:1      | Learned a level 2 spell: Sticks to Snakes
  1450 | D:2      | Reached XP level 3. HP: 27/31 MP: 6/6
  1525 | D:2      | Found an opulent altar of Gozag.
  1570 | D:2      | Became a worshipper of Gozag Ym Sagoz the Greedy
  1608 | D:2      | Found a shadowy altar of Dithmenos.
  1871 | D:2      | Reached XP level 4. HP: 33/38 MP: 7/7
  2757 | D:3      | Reached XP level 5. HP: 35/44 MP: 8/8
  3122 | D:3      | Learned a level 3 spell: Spider Form
  3201 | D:3      | Reached skill level 1 in Poison Magic
  3308 | D:3      | Found a sacrificial altar of Ru.
  3603 | D:4      | Reached skill level 1 in Stealth
  3603 | D:4      | Reached XP level 6. HP: 41/51 MP: 9/9
  3657 | D:4      | Reached skill level 2 in Stealth
  3697 | D:4      | Found a stormy altar of Qazlal.
  3847 | D:4      | Reached skill level 3 in Stealth
  4263 | D:4      | Found a snail-covered altar of Cheibriados.
  4279 | D:4      | Found a staircase to the Ecumenical Temple.
  4401 | D:4      | Reached skill level 4 in Stealth
  4490 | D:4      | Found a sparkling altar of Nemelex Xobeh.
  4618 | D:4      | Found a basalt altar of Yredelemnul.
  4618 | D:4      | Found a faded altar of an unknown god.
  4623 | D:4      | Found a faded altar of an unknown god.
  4625 | D:4      | Found a burning altar of Makhleb.
  4627 | D:4      | Found a faded altar of an unknown god.
  4673 | D:5      | Entered Level 5 of the Dungeon
  4673 | D:5      | Noticed a sky beast
  4746 | D:5      | Killed a sky beast
  4746 | D:5      | Reached skill level 5 in Transmutations
  4746 | D:5      | Reached XP level 7. HP: 40/57 MP: 7/10
  4924 | D:5      | Found a glowing silver altar of Zin.
  5257 | D:6      | Found a hazy altar of Hepliaklqana.
  5656 | D:6      | Gained mutation: Your mind is acute. (Int +2) [potion of beneficial mutation]
  5657 | D:6      | Gained mutation: Your flesh is heat resistant. (rF+) [potion of beneficial mutation]
  5658 | D:6      | Gained mutation: You are resistant to hostile enchantments. (MR+) [potion of beneficial mutation]
  5675 | D:6      | Found a shattered altar of Ashenzari.
  5777 | D:6      | Reached XP level 8. HP: 45/64 MP: 11/11
  6199 | D:6      | Reached skill level 5 in Dodging
  6378 | D:7      | Noticed Joseph
  6426 | D:6      | HP: 3/64 [poisoned by a scorpion]
  6432 | D:6      | HP: 2/64 [poisoned by a scorpion]
  6441 | D:6      | HP: 1/64 [poisoned by a scorpion]
  6447 | D:6      | HP: 1/64 [poisoned by a scorpion]
  6453 | D:6      | HP: 1/64 [poisoned by a scorpion]
  6459 | D:6      | HP: 1/64 [poisoned by a scorpion]
  6859 | D:7      | Reached skill level 5 in Stealth
  6909 | D:6      | Killed Joseph
  6909 | D:6      | Reached skill level 8 in Stealth
  6909 | D:6      | Reached XP level 9. HP: 18/70 MP: 2/12
  7223 | D:7      | HP: 1/70 [centaur warrior skeleton (4)]
  7565 | D:7      | Reached skill level 5 in Unarmed Combat
  7591 | D:7      | Noticed Duvessa
  7598 | D:7      | Noticed Dowan
  7602 | D:7      | Killed Duvessa
  7610 | D:7      | Killed Dowan
  7672 | D:7      | Noticed a hellwing
  7702 | D:7      | HP: 1/105 [meliai zombie (7)]
  7703 | D:7      | Mangled by a meliai zombie

Vault maps used:
D:1:      dpeg_arrival_solitude, minmay_liquid_box
D:2:      cheibrodos_greedy_goblins, nicolae_dithmenos_shadow_blocks,
          grunt_gozag_breadcrumbs
D:3:      first_bread, portal_sewer_entry_d, minmay_misc_feat_room,
          nicolae_ru_sacrificial_ziggurat
D:4:      overflow_temple_1_default, nemelex_xobeh_ov_fountains_minmay,
          chequers_temple_overflow_minitemple, cheibriados_altar_1
D:5:      basic_altar
D:6:      kennysheep_little_box, nicolae_overflow_crystal_walls
D:7:      cheibrodos_grave_circle, uniq_joseph, uniq_duvessa,
          uniq_crazy_yiuf_cottage

Skill      XL: |  1  2  3  4  5  6  7  8  9 |
---------------+----------------------------+-----
Dodging        | 2 3 4 6 |  6.1
Transmutations | 3 4 5 6 |  6.2
Poison Magic   | 2 3 |  3.3
Stealth        | 1 4 8 |  8.1
Unarmed Combat | 5 |  5.5
Fighting       | |  1.0
Short Blades   | |  0.6
Throwing       | |  0.8
Spellcasting   | |  2.0

Action                   |  1- 3 |  4- 6 |  7- 9 || total
-------------------------+-------+-------+-------++-------
Melee: Short sword       |    27 |       |       ||    27
       Headbutt          |     3 |     6 |    20 ||    29
       Unarmed           |     1 |    15 |    45 ||    61
       Punch             |     1 |     1 |     2 ||     4
       Mace              |    31 |       |       ||    31
       Spear             |    27 |   240 |   267 ||   534
 Fire: Hunting sling     |       |       |     4 ||     4
Throw: Stone             |    22 |    18 |       ||    40
 Cast: Beastly Appendage |     3 |     7 |    20 ||    30
       Spider Form       |       |     1 |     6 ||     7
       Sticks to Snakes  |       |       |    13 ||    13
 Abil: Spit Poison       |    14 |    18 |    14 ||    46
       End Transformatio |       |       |     1 ||     1
Evoke: Wand              |       |       |     2 ||     2
  Use: Potion            |       |       |     9 ||     9
       Scroll            |       |       |     8 ||     8
 Stab: Distracted        |       |     3 |     2 ||     5
       Sleeping          |       |     3 |     6 ||     9
  Eat: Chunk             |     1 |       |       ||     1
       Bread ration      |       |     1 |     1 ||     2
       Fruit             |       |     1 |       ||     1
       Meat ration       |       |     1 |     1 ||     2
       Beef jerky        |       |       |     1 ||     1
Armor: Robe              |     3 |       |       ||     3
       Leather armour    |    11 |    43 |   121 ||   175
       Scale mail        |    11 |     8 |       ||    19
       Skin              |       |     1 |     2 ||     3
Dodge: Dodged            |    49 |   122 |   157 ||   328
